 Dungeon Crawl Stone Soup version 0.20.1-1-g8b1a95d (webtiles) character file.

25169 HammerPanzer the Fencer (level 12, -4/129 HPs)
             Began as a Minotaur Berserker on Nov 3, 2017.
             Was an Elder of Trog.
             Slain by Nessos (9 damage)
             ... on level 13 of the Dungeon on Nov 4, 2017.
             The game lasted 00:43:49 (11732 turns).

HammerPanzer the Fencer (Minotaur Berserker)       Turns: 11732, Time: 00:43:49

Health: -4/129     AC: 15    Str: 28 (29) XL:     12   Next: 87%
Magic:  3/3        EV:  8    Int:  5      God:    Trog [****..]
Gold:   735        SH:  0    Dex: 10 (11) Spells: 11/11 levels left

rFire    . . .     SeeInvis +   F - +4 triple sword (antimagic)
rCold    + . .     Gourm    .   (shield currently unavailable)
rNeg     . . .     Faith    .   Q - +0 plate armour
rPois    .         Spirit   .   (helmet restricted)
rElec    .         Reflect  .   O - +0 cloak {MR+}
rCorr    .         Harm     .   (no gloves)
MR       +....                  j - +0 pair of boots
Stlth    ..........             A - amulet of regeneration
Regen    0.8/turn               C - ring of see invisible
MPRegen  0.1/turn               g - +2 ring of intelligence

@: lethally poisoned (-4 -> -8), berserk cooldown, very slightly contaminated,
slowed, invisible, very slow
A: retaliatory headbutt, horns 2, talons 1, molten scales 1, agile 1, cold
resistance 1, deterioration 1, dopey 1, robust 1, strong 1, sturdy frame 1
a: Berserk, Trog's Hand, Brothers in Arms, Burn Spellbooks, Renounce Religion


You were on level 13 of the Dungeon.
You worshipped Trog.
Trog was greatly pleased with you.
You were very hungry.

You visited 1 branch of the dungeon, and saw 13 of its levels.
You also visited: Sewer.

You collected 735 gold pieces.

Inventory:

Hand Weapons
 F - a +4 antimagic triple sword (weapon)
 P - a +1 antimagic great sword
Missiles
 m - 8 javelins of penetration (quivered)
Armour
 j - a +0 pair of boots (worn)
 u - the +3 warlock's mirror {reflect}
   (You found it on level 12 of the Dungeon)
 O - a +0 cloak of magic resistance (worn)
 Q - a +0 plate armour (worn)
Jewellery
 d - a +3 ring of evasion
 g - a +2 ring of intelligence (right hand)
 q - a +2 ring of evasion
 A - an amulet of regeneration (around neck)
 C - a ring of see invisible (left hand)
 G - an uncursed amulet of magic regeneration
Wands
 p - a wand of flame (26/48)
 z - a wand of random effects (24/48)
 D - a wand of enslavement (6/24)
 H - a wand of lightning (8/15)
 L - a wand of confusion (22/48)
 S - a wand of random effects (23/48)
Scrolls
 b - 5 scrolls of teleportation
 h - 5 scrolls of remove curse
 i - 4 scrolls of enchant weapon
 x - a scroll of enchant armour
 y - a scroll of random uselessness {unknown}
 B - a scroll of recharging
 E - a scroll of magic mapping
 J - a scroll of identify
 R - a scroll of fear
 T - a scroll of blinking
 U - a scroll of fog {unknown}
 V - a scroll of acquirement {unknown}
Potions
 a - a potion of berserk rage
 f - 7 potions of heal wounds
 k - a potion of resistance
 n - 12 potions of curing
 o - 3 potions of might
 t - a potion of magic
 w - a potion of flight
 M - a potion of mutation
 N - a potion of lignification
Books
 e - a book of Callings

   Spells                             Type                      Level
   a - Summon Small Mammal            Summoning                    1
   b - Call Imp                       Summoning                    2
   c - Call Canine Familiar           Summoning                    3
   d - Summon Guardian Golem          Hexes/Summoning              3
   e - Summon Lightning Spire         Summoning/Air                4
   f - Summon Ice Beast               Ice/Summoning                4
   Trog disapproves of the use of such an item.
 l - a book of Power

   Spells                             Type                      Level
   a - Iskenderun's Battlesphere      Conjuration/Charms           5
   b - Venom Bolt                     Conjuration/Poison           5
   c - Bolt of Magma                  Conjuration/Fire/Earth       5
   d - Iron Shot                      Conjuration/Earth            6
   e - Orb of Destruction             Conjuration                  7
   f - Spellforged Servitor           Conjuration/Summoning        7
   Trog disapproves of the use of such an item.
Comestibles
 c - 8 bread rations
 r - 9 meat rations
 s - 2 chunks of flesh
 I - 23 fruits
 K - 6 royal jellies


   Skills:
 + Level 14.6 Fighting
 * Level 19.8 Long Blades
 - Level 2.4 Armour
 - Level 2.1 Dodging


You had 11 spell levels left.
You didn't know any spells.

Dungeon Overview and Level Annotations

Branches:
Dungeon (13/15)            Temple (0/1) D:5            Lair (0/6) D:10
    Orc (0/2) D:9
 Vaults: D:13-14

Altars:
Cheibriados
Dithmenos
Fedhas
Ru
Vehumet
Yredelemnul

Shops:
D:10 *   D:12 :

Annotations:
D:13 Nessos


Innate Abilities, Weirdness & Mutations

You reflexively headbutt those who attack you in melee.
You have a pair of horns on your head.
You have sharp toenails.
You are partially covered in molten scales. (AC +2)
You are agile. (Dex +2)
Your flesh is cold resistant. (rC+)
Your body sometimes deteriorates upon taking damage.
You are dopey. (Int -2)
You are robust. (+10% HP)
Your muscles are strong. (Str +2)
Your movements are slightly less encumbered by armour. (ER -2)


Message History

* * * LOW HITPOINT WARNING * * *
The arrow burns you.
* * * LOW HITPOINT WARNING * * *
You see here an arrow.
You feel very sick.
Nessos unwields an uncursed longbow of flaming.
It stops flaming.
Nessos hits you.
* * * LOW HITPOINT WARNING * * *
Nessos hits you but does no damage.
You are feeling very hungry.
* * * LOW HITPOINT WARNING * * *
You feel very sick. Nessos barely misses you.
Nessos hits you but does no damage.
Nessos blinks!
You fade into invisibility!
* * * LOW HITPOINT WARNING * * *
You feel sick.
You are very lightly contaminated with residual magic.
* * * LOW HITPOINT WARNING * * *
You feel sick. Nessos hits you!
You die...

#.....#...........#
##.....#####.....(.#
#.......(.(#....(..#
+.....))<.(#.......#
#.....)().(#..(....#
#.....))...#.......#
#..........#....(..#
#..........#....((.#
#..........#<@.....#
##......####..c....#
#......#..........#
........#..##......#
........#.. #......#
#. #......# #
#......# .......#


You could see Nessos.

Vanquished Creatures
  Erolcha (D:9)
  2 hydras
  5 two-headed ogres
  A tengu warrior (D:13)
  Nergalle (D:10)
  An unseen horror (D:10)
  6 wizards (D:12)
  Pikel (D:6)
  An ugly thing (D:12)
  A cyclops (D:12)
  A manticore (D:12)
  Maurice (D:8)
  A kobold demonologist (D:11)
  3 trolls
  5 slime creatures (D:12)
  2 dream sheep (D:8)
  2 hippogriffs
  2 wyverns
  12 yaks
  A steam dragon (D:10)
  A hungry ghost (D:12)
  The ghost of Thjof the Twirler, an amateur HuWn of Fedhas (D:3)
  Menkaure (D:6)
  An acid dragon (D:12)
  2 soldier ants
  7 porcupines (D:10)
  4 orc warriors
  2 sky beasts
  2 phantoms
  2 black bears
  2 eyes of draining
  2 ice beasts
  A necrophage (D:9)
  3 crocodiles
  7 ogres
  12 centaurs
  7 big kobolds
  6 bullfrogs
  A gnoll sergeant (D:12)
  A wyvern skeleton (D:10)
  3 scorpions
  12 killer bees
  3 wights (D:11)
  2 electric eels (D:9)
  4 howler monkeys
  A centaur zombie (D:8)
  6 crimson imps
  2 bullfrog zombies
  A quasit (D:8)
  6 hounds
  A gnoll shaman (D:8)
  2 bullfrog skeletons
  7 jellies
  4 orc priests
  14 orc wizards
  Crazy Yiuf (D:7)
  A centaur skeleton (D:11)
  5 iguanas
  9 worker ants
  3 killer bee zombies (D:9)
  2 hound skeletons
  3 hound zombies
  A howler monkey zombie (D:5)
  Robin (D:2)
  8 gnolls
  A howler monkey skeleton (D:4)
  A worker ant zombie (D:5)
  15 adders
  4 river rats (Sewer)
  2 shadow imps
  2 oozes
  An adder skeleton (D:6)
  3 worms (D:5)
  2 dart slugs
  3 leopard geckos
  45 orcs
  6 bats
  5 giant cockroaches
  7 hobgoblins
  25 jackals
  27 kobolds
  7 quokkas
  9 ball pythons
  4 frilled lizards
  13 goblins
  26 rats
425 creatures vanquished.

Vanquished Creatures (others)
  2 slaves
  3 orcs
  A rat (D:1)
  5 fungi (D:10)
  A plant (D:10)
12 creatures vanquished.

Grand Total: 437 creatures vanquished

Notes
Turn   | Place    | Note
-------+----------+-------------------------------------------
     0 | D:1      | HammerPanzer the Minotaur Berserker began the quest for the Orb.
     0 | D:1      | Reached XP level 1. HP: 19/19 MP: 0/0
    22 | D:1      | Reached skill level 4 in Long Blades
    26 | D:1      | Reached XP level 2. HP: 21/27 MP: 1/1
   648 | D:1      | Reached ** piety under Trog
   796 | D:2      | Reached XP level 3. HP: 25/33 MP: 2/2
  1038 | D:2      | Reached skill level 5 in Long Blades
  1145 | D:2      | Noticed Robin
  1153 | D:2      | Reached XP level 4. HP: 41/41 MP: 3/3
  1159 | D:2      | Killed Robin
  1842 | D:3      | Noticed Thjof's ghost (amateur HuWn)
  1851 | D:3      | Killed Thjof's ghost
  1851 | D:3      | Reached skill level 5 in Fighting
  1851 | D:3      | Reached skill level 6 in Long Blades
  1851 | D:3      | Reached XP level 5. HP: 48/48 MP: 4/4
  1987 | D:3      | Reached *** piety under Trog
  1990 | D:3      | Reached skill level 7 in Long Blades
  2341 | D:4      | Found a blossoming altar of Fedhas.
  2345 | D:4      | Reached XP level 6. HP: 50/56 MP: 5/5
  2394 | D:4      | Noticed a sky beast
  2407 | D:4      | Killed a sky beast
  2410 | D:4      | Gained mutation: You are agile. (Dex +2) [mutagenic meat]
  2411 | D:4      | Gained mutation: You have sharp toenails. [mutagenic meat]
  2412 | D:4      | Gained mutation: Your movements are slightly less encumbered by armour. (ER -2) [mutagenic meat]
  2413 | D:4      | Gained mutation: You are partially covered in molten scales. (AC +2) [mutagenic meat]
  2415 | D:4      | Gained mutation: Your flesh is cold resistant. (rC+) [mutagenic meat]
  2510 | D:4      | Reached skill level 8 in Long Blades
  2873 | D:4      | Reached XP level 7. HP: 63/63 MP: 6/6
  2991 | D:4      | Found a sacrificial altar of Ru.
  2996 | D:4      | Found a radiant altar of Vehumet.
  2996 | D:4      | Found a snail-covered altar of Cheibriados.
  3212 | D:5      | Entered Level 5 of the Dungeon
  3315 | D:5      | Reached **** piety under Trog
  3323 | D:5      | Reached skill level 9 in Long Blades
  3364 | D:5      | Found a glowing drain.
  3389 | Sewer    | Entered a sewer
  3822 | Sewer    | Reached ***** piety under Trog
  4196 | D:5      | Found a transporter.
  4218 | D:5      | Reached XP level 8. HP: 61/73 MP: 7/7
  4277 | D:5      | Found a transporter.
  4514 | D:5      | Reached skill level 10 in Long Blades
  4556 | D:5      | Received a gift from Trog
  4569 | D:5      | Found a staircase to the Ecumenical Temple.
  5004 | D:6      | Noticed Pikel
  5010 | D:6      | Noticed Menkaure
  5021 | D:6      | Killed Pikel
  5021 | D:6      | Reached skill level 11 in Long Blades
  5025 | D:6      | Killed Menkaure
  5730 | D:7      | Reached XP level 9. HP: 73/82 MP: 8/8
  5744 | D:7      | Reached skill level 12 in Long Blades
  6251 | D:7      | Found a runed door.
  6255 | D:7      | Noticed Crazy Yiuf
  6262 | D:7      | Killed Crazy Yiuf
  6785 | D:8      | Noticed Maurice
  6803 | D:8      | Killed Maurice
  6803 | D:8      | Reached skill level 13 in Long Blades
  6883 | D:8      | Reached skill level 10 in Fighting
  7114 | D:8      | Reached skill level 14 in Long Blades
  7114 | D:8      | Reached XP level 10. HP: 94/94 MP: 9/9
  7124 | D:8      | Received a gift from Trog
  7178 | D:8      | Noticed a three-headed hydra
  7185 | D:8      | Killed a seven-headed hydra
  7397 | D:8      | Noticed a two-headed ogre
  7405 | D:8      | Killed a two-headed ogre
  7405 | D:8      | Reached skill level 15 in Long Blades
  7590 | D:9      | Noticed a two-headed ogre
  7594 | D:9      | Killed a two-headed ogre
  7712 | D:9      | Found a shadowy altar of Dithmenos.
  7898 | D:9      | Reached skill level 16 in Long Blades
  7899 | D:9      | Reached XP level 11. HP: 66/104 MP: 3/10
  8192 | D:9      | Found a staircase to the Orcish Mines.
  8367 | D:9      | Noticed Erolcha
  8370 | D:9      | Killed Erolcha
  8724 | D:10     | Entered Level 10 of the Dungeon
  8764 | D:10     | Found a sacrificial altar of Ru.
  8787 | D:10     | Found Duitiv's Assorted Antiques.
  8794 | D:10     | Noticed Nergalle
  8807 | D:10     | Killed Nergalle
  8879 | D:10     | Reached skill level 17 in Long Blades
  9038 | D:10     | Found a staircase to the Lair.
  9057 | D:10     | Received a gift from Trog
  9166 | D:10     | Killed an unseen horror
  9334 | D:10     | Noticed a two-headed ogre
  9341 | D:10     | Killed a two-headed ogre
  9677 | D:11     | Reached skill level 18 in Long Blades
  9874 | D:11     | Reached XP level 12. HP: 100/115 MP: 3/11
 10089 | D:12     | Found Wamnail's Book Emporium.
 10177 | D:12     | Noticed a two-headed ogre
 10184 | D:12     | Killed a two-headed ogre
 10329 | D:12     | Noticed a seven-headed hydra
 10336 | D:12     | Killed an 11-headed hydra
 10469 | D:12     | Reached skill level 19 in Long Blades
 10510 | D:12     | Gained mutation: You are dopey. (Int -2) [mutagenic meat]
 10511 | D:12     | Gained mutation: You are robust. (+10% HP) [mutagenic meat]
 10512 | D:12     | Gained mutation: Your body sometimes deteriorates upon taking damage. [mutagenic meat]
 10513 | D:12     | Gained mutation: Your muscles are strong. (Str +2) [mutagenic meat]
 11346 | D:13     | Noticed a two-headed ogre
 11355 | D:13     | Killed a two-headed ogre
 11498 | D:13     | Found a basalt altar of Yredelemnul.
 11638 | D:13     | Noticed a tengu warrior
 11646 | D:13     | Killed a tengu warrior
 11720 | D:13     | Noticed Nessos
 11730 | D:13     | HP: 6/129 [poisoned by Nessos]
 11732 | D:13     | Slain by Nessos

Skill      XL: |  1  2  3  4  5  6  7  8  9 10 11 12 |
---------------+-------------------------------------+-----
Long Blades    | 4 5 6 7 8 9 11 14 16 18 19 | 19.8
Fighting       | 4 5 6 7 8 10 11 13 14 | 14.6
Armour         | |  2.4
Dodging        | |  2.1

Action                   |  1- 3 |  4- 6 |  7- 9 | 10-12 || total
-------------------------+-------+-------+-------+-------++-------
Melee: Falchion          |    80 |   114 |   364 |     9 ||   567
       Headbutt          |     7 |    16 |    82 |   129 ||   234
       Great sword       |       |       |       |   212 ||   212
       Triple sword      |       |       |       |   210 ||   210
Throw: Javelin           |       |       |       |     2 ||     2
Invok: Berserk           |     1 |     2 |     6 |    13 ||    22
  Use: Scroll            |       |    11 |     6 |     7 ||    24
       Potion            |       |       |       |     2 ||     2
  Eat: Chunk             |     1 |    14 |    12 |    29 ||    56
       Royal jelly       |       |       |     1 |     1 ||     2
       Meat ration       |       |       |     1 |       ||     1
Armor: Animal skin       |     1 |       |       |       ||     1
       Leather armour    |    29 |    18 |       |       ||    47
       Chain mail        |       |    67 |   127 |    16 ||   210
       Plate armour      |       |       |       |   216 ||   216
Dodge: Dodged            |    51 |    48 |   169 |   311 ||   579
Block: Buckler           |     8 |     7 |    13 |       ||    28
       Shield            |       |       |    80 |       ||    80
       Rpst.: Falchion   |    16 |    13 |    43 |     5 ||    77
       Great sword       |       |       |       |    42 ||    42
       Triple sword      |       |       |       |    30 ||    30
